 Dungeon Crawl Stone Soup version 0.30-a0-365-ge7f957f1db (webtiles) character file.

Game seed: 14844276542928441391

14 Redcow54321 the Sneak (level 2, 0/19 HPs)
             Began as an Octopode Brigand on Nov 17, 2022.
             Slain by a quokka (4 damage)
             ... on level 2 of the Dungeon.
             The game lasted 00:02:14 (347 turns).

Redcow54321 the Sneak (Octopode Brigand)             Turns: 347, Time: 00:02:14

Health: 0/19       AC:  1    Str: 10    XL:     2   Next: 41%
Magic:  2/2        EV: 12    Int: 13    God:
Gold:   34         SH:  0    Dex: 13    Spells: 1/1 levels left

rFire   . . .      SeeInvis .      - Unarmed
rCold   . . .      Faith    .    (no shield)
rNeg    . . .      Spirit   .    (helmet restricted)
rPois   .          Reflect  .    (no amulet)
rElec   .          Harm     .    (no ring)
rCorr   .          Rampage  .    (no ring)
Will    .....                    (no ring)
Stlth   ++++......               (no ring)
HPRegen 0.23/turn                (no ring)
MPRegen 0.08/turn                (no ring)
                                 (no ring)
                                 (no ring)

@: no status effects
A: almost no armour, amphibious, 8 rings, camouflage 1, gelatinous body 1,
(nimble swimmer 1), tentacles
a: no special abilities


You were on level 2 of the Dungeon.
You visited 1 branch of the dungeon, and saw 2 of its levels.

You collected 34 gold pieces.

Inventory:

Hand Weapons
 a - a +2 dagger
Missiles
 b - 9 poisoned darts (quivered)
 c - 3 curare-tipped darts
 d - a throwing net
Scrolls
 e - a scroll of fear {unknown}


   Skills:
 + Level 2.3 Fighting
 - Level 2.0 Short Blades
 - Level 2.0 Throwing
 - Level 1.0 Dodging
 - Level 5.3 Stealth
 * Level 1.6 Unarmed Combat


You had one spell level left.
You didn't know any spells.
Your spell library was empty.

Dungeon Overview and Level Annotations

Branches:
Dungeon (1/15)

Altars:


Innate Abilities, Weirdness & Mutations

You cannot wear most types of armour.
You are amphibious.
You can wear up to eight rings at the same time.
Your skin changes colour to match your surroundings (Stealth+).
Your rubbery body absorbs attacks. (AC +1, EV +1)
((You are camouflaged when in or above water. (Stealth+)))
You have tentacles for arms and can constrict up to eight enemies at once.


Message History

No target in view!
You now have 34 gold pieces (gained 12).
You see here a +0 club.
A kobold comes into view. It is wielding a +0 short sword.
A kobold is nearby!
A sourceless malevolence fills the Dungeon...
You fall into a shaft and drop 1 floor!
The shaft crumbles and collapses.
Found 4 stones.
No target in view!
A kobold comes into view. It is wielding a +0 short sword.
Found a stone staircase leading up.
A bat comes into view.
A ball python comes into view.
Found 6 stones and a book of Vapours.
The kobold shouts!
A quokka comes into view.
The bat hits you.
The kobold hits you with a +0 short sword.
You tentacle-slap the bat. Your grab misses the bat.
Your squeeze misses the bat.
The bat is severely wounded.
The bat misses you.
The kobold hits you with a +0 short sword.
You completely miss the bat. You grab the bat.
The bat is severely wounded.
You constrict the bat.
You kill the bat!
The ball python closely misses you. The ball python misses you.
The kobold hits you with a +0 short sword.
The ball python attacks as you move away!
The ball python closely misses you. x2
You see here a bat corpse.
The ball python barely misses you. x2; The ball python bites you.
The ball python barely misses you.
The kobold hits you with a +0 short sword.
* * * LOW HITPOINT WARNING * * *
There is a stone staircase leading up here.
The quokka bites you.
You die...

.# .## ..
###..+ ...
#...:# ...
#....#
#.#####....###+
........(......
. #...r@...#
....##.#KS...#
..(.....†....#
######.#..#..#
#.#..##.#
#.#..##.#
..#.....#
#####.### #.#


You could see a quokka, a ball python and a kobold.

Vanquished Creatures
  2 endoplasms (D:1)
  A giant cockroach (D:1)
  3 kobolds (D:1)
  3 bats
  A frilled lizard (D:1)
  3 rats (D:1)
13 creatures vanquished.

Notes
Turn   | Place    | Note
-------+----------+-------------------------------------------
     0 | D:1      | Redcow54321 the Octopode Brigand began the quest for the
                  | Orb.
     0 | D:1      | Reached XP level 1. HP: 14/14 MP: 1/1
   194 | D:1      | Reached skill level 1 in Unarmed Combat
   225 | D:1      | Reached XP level 2. HP: 19/19 MP: 2/2
   334 | D:1      | You fall into a shaft and drop 1 floor!
   347 | D:2      | Slain by a quokka

Illustrated notes

Levels and vault maps discovered:
D:1:      dpeg_arrival_pond, layout_loops_ring, serial_shops, shop,
          nicolae_ecumenical_snake_handling
D:2:      minmay_wonky_spiral, layout_basic, kennysheep_generic_room_13

Skill      XL: |  1 |
---------------+----+-----
Unarmed Combat | 1 |  1.6
Fighting       | |  2.3
Short Blades   | |  2.0
Throwing       | |  2.0
Dodging        | |  1.0
Stealth        | |  5.3

Action                   || total
-------------------------++-------
Melee: Unarmed           ||    31
       Constrict         ||     8
       Tentacles         ||     7
       Punch             ||     1
 Stab: Sleeping          ||     6
Armor: Skin              ||     7
Dodge: Dodged            ||    25

Table legend: (Time is in decaauts)
 A = Elapsed time spent in this place.
 B = Non-inter-level travel time spent in this place.
 C = Inter-level travel time spent in this place.
 D = Time resting spent in this place.
 E = Time spent auto-exploring this place.
 F = Levels seen in this place.
 G = Mean time per level.
                   A        B        C        D        E       F      G
               +--------+--------+--------+--------+--------+-----+--------+
         Total |    345 |    345 |      0 |     54 |    194 |   2 |  172.5 |
       Dungeon |    345 |    345 |      0 |     54 |    194 |   2 |  172.5 |
               +--------+--------+--------+--------+--------+-----+--------+

Top non-repeatable levels by time:
     D:1: 332 daAuts
     D:2: 12 daAuts
